 Dungeon Crawl Stone Soup version 0.27-a0-695-gb4952372f7 (webtiles) character file.

Game seed: 3589026109025015741

81 Johnny the Slasher (level 4, 0/45 HPs)
             Began as a Troll Berserker on Mar 22, 2021.
             Was a Believer of Trog.
             Slain by a hobgoblin
             ... wielding a +0 club
              (6 damage)
             ... on level 3 of the Dungeon.
             The game lasted 00:02:02 (1428 turns).

Johnny the Slasher (Troll Berserker)                Turns: 1428, Time: 00:02:02

Health: 0/45       AC:  5    Str: 26    XL:     4   Next: 19%
Magic:  3/3        EV: 10    Int:  3    God:    Trog [**....]
Gold:   22         SH:  0    Dex:  9    Spells: 3/3 levels left

rFire    . . .     SeeInvis .   h - +1 dagger (drain)
rCold    . . .     Faith    .   (no shield)
rNeg     . . .     Spirit   .   b - +0 animal skin
rPois    .         Reflect  .   (helmet restricted)
rElec    .         Harm     .   f - +0 cloak
rCorr    .         Rampage  .   (gloves unavailable)
Will     .....                  (boots unavailable)
Stlth    +.........             (no amulet)
HPRegen  1.15/turn              (no ring)
MPRegen  0.08/turn              (no ring)

@: no status effects
A: large, unfitting armour, claws 3, regeneration 1, shaggy fur 1, tough skin 1
a: Renounce Religion, Berserk, Trog's Hand


You were on level 3 of the Dungeon.
You worshipped Trog.
Trog was pleased with you.
You visited 1 branch of the dungeon, and saw 3 of its levels.

You collected 88 gold pieces.
You spent 66 gold pieces at shops.

Inventory:

Hand Weapons
 a - a +0 falchion
 d - a +3 short sword
 e - a +0 dagger of venom
 h - a +1 dagger of draining (weapon)
Armour
 b - a +0 animal skin (worn)
 f - a +0 cloak (worn)
Scrolls
 c - a scroll of magic mapping
 g - 2 scrolls of identify
 j - a scroll of teleportation {unknown}
 k - a scroll of torment {unknown}
 m - a scroll of enchant armour {unknown}
Potions
 i - 2 potions of attraction
 l - a potion of flight


   Skills:
 + Level 3.1 Fighting
 * Level 3.7 Long Blades
 - Level 2.4 Dodging


You had 3 spell levels left.
You didn't know any spells.
Your spell library was empty.

Dungeon Overview and Level Annotations

Branches:
Dungeon (3/15)

Altars:
Elyvilon
Xom

Shops:
D:1 [   D:2 ?


Innate Abilities, Weirdness & Mutations

You are too large for most types of armour.
You have claws for hands.
Your natural rate of healing is unusually fast.
You are covered in fur. (AC +1)
You have tough skin. (AC +1)


Message History

Trog accepts your kill.
You hit the goblin. You drain the goblin.
You kill the goblin!
Trog accepts your kill.
You feel the effects of Trog's Hand fading.
You hit the orc.
The orc is severely wounded.
The orc barely misses you.
You hit the orc.
You kill the orc!
Trog accepts your kill.
You recover from your berserk rage.
The bat completely misses you.
You hit the bat.
You kill the bat!
Trog accepts your kill.
An adder comes into view.
The adder hisses angrily.
You hit the orc priest.
The orc priest is moderately wounded.
The hobgoblin hits you with a +0 club.
You hit the orc priest.
The orc priest is moderately wounded.
Your skin stops crawling.
You feel less strong-willed. The hobgoblin hits you with a +0 club.
The orc priest looks braver for a moment.
You hit the orc priest. You drain the orc priest.
The orc priest is severely wounded.
The orc closely misses you.
You closely miss the orc priest.
The orc priest is severely wounded.
The orc priest calls down the wrath of Beogh upon you.
Beogh smites you! The hobgoblin closely misses you.
You hit the orc priest.
You kill the orc priest!
Trog accepts your kill. The orc hits you with a +0 mace!
* * * LOW HITPOINT WARNING * * *
The hobgoblin hits you with a +0 club.
You die...

.... ..... ..... .# ...#
...##### ...## .#. #..<..##
#..# #.... #####..## #.##..?#
##†)# #)@gS# ##.# #o####
#.### #g.## . #...# #...####
o.. ###.## #.#.oog###..#
###### #..##.[####o...h##
.....######....##....ho......
.....†.............#.....##.#
###.#...###..####......###


You could see an adder, an orc, a hobgoblin and a goblin.

Vanquished Creatures
  An orc priest (D:3)
  3 adders (D:2)
  A dart slug (D:1)
  A leopard gecko (D:1)
  5 orcs (D:3)
  4 giant cockroaches
  4 hobgoblins
  3 jackals (D:1)
  6 kobolds
  3 bats
  2 frilled lizards
  6 goblins
  7 rats
46 creatures vanquished.

Notes
Turn   | Place    | Note
-------+----------+-------------------------------------------
     0 | D:1      | Johnny the Troll Berserker began the quest for the Orb.
     0 | D:1      | Reached XP level 1. HP: 22/22 MP: 0/0
   142 | D:1      | Found Leumenti's Antique Armour Shop.
   186 | D:1      | Reached XP level 2. HP: 29/29 MP: 1/1
   651 | D:2      | Found Cytapsuy's Magic Scroll Boutique.
   660 | D:2      | Bought a scroll of identify for 22 gold pieces
   660 | D:2      | Bought a scroll of identify for 22 gold pieces
   660 | D:2      | Bought a scroll of identify for 22 gold pieces
   691 | D:2      | Reached ** piety under Trog
   723 | D:2      | Reached XP level 3. HP: 35/35 MP: 2/2
   800 | D:2      | Found a faded altar of an unknown god.
  1039 | D:2      | Found a shimmering altar of Xom.
  1357 | D:3      | Found a white marble altar of Elyvilon.
  1374 | D:3      | Reached XP level 4. HP: 42/45 MP: 3/3
  1428 | D:3      | Slain by a hobgoblin

Illustrated notes

Levels and vault maps discovered:
D:1:      dpeg_arrival_pond, layout_loops_ring, serial_shops,
          nicolae_shop_overgrown_old_shop, serial_park_tiny_pond
D:2:      layout_loops_ring, xom_teletrap_fun, serial_shops, shop,
          chequers_ecumenical_altar_lobes
D:3:      layout_rooms, okawaru_altar_gauntlet_db, overflow_temple_1_default,
          patterned_corridor, uniq_robin

Skill      XL: |  1  2  3 |
---------------+----------+-----
Long Blades    | 3 |  3.7
Fighting       | 3 |  3.1
Dodging        | |  2.4

Action                   |  1- 3 |  4- 6 || total
-------------------------+-------+-------++-------
Melee: Falchion          |     8 |       ||     8
       Short sword       |    32 |       ||    32
       Dagger            |    65 |    16 ||    81
Invok: Berserk           |     3 |       ||     3
       Trog's Hand       |       |     1 ||     1
  Use: Scroll            |     1 |     2 ||     3
Armor: Animal skin       |    35 |       ||    35
Dodge: Dodged            |    50 |     5 ||    55
       Rpst.: Falchion   |     3 |       ||     3

Table legend: (Time is in decaauts)
 A = Elapsed time spent in this place.
 B = Non-inter-level travel time spent in this place.
 C = Inter-level travel time spent in this place.
 D = Time resting spent in this place.
 E = Time spent auto-exploring this place.
 F = Levels seen in this place.
 G = Mean time per level.
                   A        B        C        D        E       F      G
               +--------+--------+--------+--------+--------+-----+--------+
         Total |   1452 |   1380 |     72 |     16 |   1080 |   3 |  484.0 |
       Dungeon |   1452 |   1380 |     72 |     16 |   1080 |   3 |  484.0 |
               +--------+--------+--------+--------+--------+-----+--------+

Top non-repeatable levels by time:
     D:2: 702 daAuts
     D:1: 641 daAuts
     D:3: 107 daAuts
